 Dungeon Crawl Stone Soup version 0.30.0-13-g156ef70053 (webtiles) character file.

Game seed: 4699480265282227855

1167 JanusIIV the Destroyer (level 8, 0/69 HPs)
             Began as a Naga Conjurer on May 18, 2023.
             Was a Follower of Cheibriados.
             Succumbed to a water moccasin's poison
             ... on level 4 of the Dungeon.
             The game lasted 00:15:18 (6005 turns).

JanusIIV the Destroyer (Naga Conjurer)              Turns: 6005, Time: 00:15:18

Health: 0/69       AC:  7    Str: 11    XL:     8   Next: 40%
Magic:  14/15      EV:  9    Int: 24    God:    Cheibriados [*.....]
Gold:   264        SH:  3    Dex: 11    Spells: 16/17 levels left

rFire   . . .        v - +0 trident
rCold   . . .        i - +0 buckler
rNeg    . . .        w - +2 robe {Will+}
rPois   +            t - +1 helmet
rElec   .            (no cloak)
rCorr   .            (no gloves)
SInv    +            (no barding)
Will    ++...        (no amulet)
Stlth   +++          (no ring)
HPRegen 0.31/turn    (no ring)
MPRegen 0.14/turn

%: no passive effects
@: brilliant, lethally poisoned (0 -> -13), short of breath, very slow
A: AC +2, large, see invisible, deformed body, poison resistance, slowness 2,
spit poison 1, naga tail 1
a: Spit Poison, Renounce Religion, Bend Time


You were on level 4 of the Dungeon.
You worshipped Cheibriados.
Cheibriados was aware of your devotion.
You visited 2 branches of the dungeon, and saw 7 of its levels.

You collected 264 gold pieces.

Inventory:

Hand Weapons
 d - a +0 short sword
 j - a +0 mace
 v - a +0 trident (weapon)
Armour
 i - a +0 buckler (worn)
 t - a +1 helmet (worn)
 w - a +2 robe of willpower (worn)
Jewellery
 b - a +4 ring of protection
 g - an amulet of faith
 l - an amulet of the acrobat
 p - a ring of resist corrosion
Scrolls
 f - a scroll of identify
 s - a scroll of poison {unknown}
 u - a scroll of fog {unknown}
 x - a scroll of amnesia {unknown}
 y - a scroll of teleportation {unknown}
 z - a scroll of enchant weapon {unknown}
Potions
 e - 4 potions of attraction
 h - a potion of haste {unknown}
 k - a potion of cancellation {unknown}
 m - a potion of heal wounds {unknown}
 n - a potion of flight {unknown}
 o - 2 potions of degeneration


   Skills:
 + Level 3.2 Fighting
 - Level 1.5 Dodging
 + Level 5.6 Stealth
 - Level 5.0 Spellcasting
 - Level 8.0 Conjurations


You had 16 spell levels left.
You knew the following spells:

 Your Spells              Type           Power      Damage    Failure   Level
a - Magic Dart            Conj           100%       1d8       1%          1

Your spell library contained the following spells:

 Spells                   Type           Power      Damage    Failure   Level
 Searing Ray              Conj           100%       2d8       1%          2
 Dazzling Flash           Conj/Hex       74%        N/A       8%          3
 Ensorcelled Hibernation  Hex/Ice        18%        N/A       19%         2
 Passwall                 Tmut/Erth      7%         N/A       19%         2
 Fulminant Prism          Conj/Hex       18%        3d10      24%         4
 Iskenderun's Mystic Bla  Conj/Tloc      37%        2d9       24%         4
 Swiftness                Air            9%         N/A       36%         3
 Agony                    Necr           9%         N/A       98%         5
 Silence                  Hex/Air        4%         N/A       98%         5


Dungeon Overview and Level Annotations

Branches:
Dungeon (6/15)             Temple (1/1) D:4

Altars:
Cheibriados
Elyvilon
Gozag
Hepliaklqana
Kikubaaqudgha
Makhleb
Okawaru
Trog
Wu Jian
Zin

Shops:
D:3 *

Annotations:
D:4 3 runed translucent doors, LustLizard's ghost, amateur GrEE


Innate Abilities, Weirdness & Mutations

Your serpentine skin is tough. (AC +2)
You have supernaturally acute eyesight. (SInv)
Armour fits poorly on your strangely shaped body.
Your system is resistant to poisons. (rPois)
You cover ground very slowly.
You can spit poison.
You have a snake-like lower body.


Message History

Press: ? - help, Dir - move target, p - iguana
As you read the scroll labelled BATUAF JEAPAT, it crumbles to dust.
It was a scroll of blinking.
You have got your breath back.
You feel sick.
You feel sick. The water moccasin barely misses you.
The water moccasin bites you.
* * * LOW HITPOINT WARNING * * *
There is a stone staircase leading up here.
You feel sick. The water moccasin closely misses you.
You climb upwards.
Level annotation: 3 runed translucent doors, LustLizard's ghost, amateur GrEE You feel sick.
There is a stone staircase leading down here.
It was a potion of curing.
You feel better.
The water moccasin bites you but does no damage.
The water moccasin bites you.
* * * LOW HITPOINT WARNING * * *
Aiming: Spit Poison (1% risk of failure)
Press: ? - help, Shift-Dir - straight line, f - water moccasin
Aim: a water moccasin (43% to hit)
The splash of poison hits the water moccasin.
The water moccasin is lightly wounded.
The water moccasin bites you but does no damage.
Casting: Magic Dart (safe; 1% risk of failure)
Confirm with . or Enter, or press ? or * to list all spells.
Aiming: Magic Dart (safe; 1% risk of failure)
Press: ? - help, Shift-Dir - straight line, f/p - water moccasin
Aim: a water moccasin (lightly wounded, 100% to hit)
The magic dart hits the water moccasin.
The water moccasin is lightly wounded.
The water moccasin bites you.
* * * LOW HITPOINT WARNING * * *
The water moccasin bites you!
* * * LOW HITPOINT WARNING * * *
You are lethally poisoned!
The water moccasin poisons you!
It was a potion of brilliance.
You feel clever all of a sudden.
You die...

#.#################
#..................
#...###############
########......#######
###.................).#
#....########...#####)#####
######....# ###.####........#
#...##....# #..........)....#
#...##....# #@S.......).)...##
#.........######........##)##.)..
........................##.##.###
........................##.##.#
......##................##+##.#
......##....####........#.[.#.#
##....#####.#...........#...#.#
##........#.#.###########...#.#
....####..#...#...............#


You could see a water moccasin.

Vanquished Creatures
  Grinder (D:3)
  Menkaure (D:4)
  A water moccasin (D:5)
  An ogre (D:4)
  A centaur (D:3)
  A bullfrog (D:5)
  A scorpion (D:4)
  4 orc priests
  2 hounds (D:4)
  2 orc wizards
  10 adders
  2 worms
  3 dart slugs
  19 orcs
  6 bats
  6 endoplasms
  6 giant cockroaches
  9 goblins
  4 hobgoblins
  3 jackals (D:2)
  3 quokkas (D:2)
  5 ball pythons
  5 frilled lizards
  5 kobolds
  7 rats
108 creatures vanquished.

Notes
Turn   | Place    | Note
-------+----------+-------------------------------------------
     0 | D:1      | JanusIIV the Naga Conjurer began the quest for the Orb.
     0 | D:1      | Reached XP level 1. HP: 15/15 MP: 3/3
   113 | D:1      | Reached XP level 2. HP: 20/22 MP: 1/5
   692 | D:1      | Reached XP level 3. HP: 28/28 MP: 3/6
   896 | D:2      | Reached skill level 5 in Conjurations
  1263 | D:2      | Reached XP level 4. HP: 36/36 MP: 5/7
  2147 | D:3      | Noticed Grinder
  2158 | D:3      | Killed Grinder
  2159 | D:3      | Reached skill level 6 in Conjurations
  2159 | D:3      | Reached XP level 5. HP: 34/42 MP: 5/9
  2159 | D:3      | Reached XP level 6. HP: 39/49 MP: 5/10
  2463 | D:3      | Reached skill level 7 in Conjurations
  2716 | D:3      | Found an iron altar of Okawaru.
  2721 | D:3      | Found a white marble altar of Elyvilon.
  2721 | D:3      | Found a burning altar of Makhleb.
  2743 | D:3      | Found an opulent altar of Gozag.
  2746 | D:3      | Found an ancient bone altar of Kikubaaqudgha.
  2986 | D:3      | Found Loihyoco's General Store.
  3403 | D:4      | Reached XP level 7. HP: 49/55 MP: 9/12
  3818 | D:4      | Found a staircase to the Ecumenical Temple.
  3910 | Temple   | Entered the Ecumenical Temple
  3921 | Temple   | Became a worshipper of Cheibriados the Contemplative
  3938 | D:4      | Found a runed translucent gate.
  3938 | D:4      | Found a runed translucent gate.
  3938 | D:4      | Found a runed translucent gate.
  3938 | D:4      | Noticed LustLizard's ghost (amateur GrEE)
  4042 | D:4      | Found a hazy altar of Hepliaklqana.
  4043 | D:4      | Noticed Menkaure
  4053 | D:4      | Killed Menkaure
  4310 | D:4      | Reached skill level 8 in Conjurations
  4668 | D:4      | Reached skill level 5 in Spellcasting
  4871 | D:4      | Reached skill level 1 in Fighting
  4871 | D:4      | Reached XP level 8. HP: 36/64 MP: 10/15
  5135 | D:5      | Entered Level 5 of the Dungeon
  5178 | D:5      | Reached * piety under Cheibriados
  5517 | D:5      | Reached skill level 5 in Stealth
  6004 | D:4      | HP: 3/69 [water moccasin (8)]
  6005 | D:4      | Succumbed to a water moccasin's poison

Illustrated notes

Levels and vault maps discovered:
D:1:      shiori_arrival_maze, layout_loops_cross, kennysheep_decorative_pillar
D:2:      mumra_celtic_spiral_tile, layout_basic, nrook_uturn, hex_medium
D:3:      layout_loops_corners, minmay_overflow_temple_star_hex, serial_shops,
          shop, uniq_grinder
D:4:      layout_basic, mainiacjoe_overflow_surrounded_room,
          minmay_temple_entry_proselytizer, ebering_ghost_rock_garden,
          uniq_menkaure
D:5:      layout_basic, serial_shops, nicolae_shop_real_fake_doors, uniq_duvessa
D:6:      minmay_razor_zed, layout_loops_cross, xom_redecorated, serial_shops,
          shop
Temple:   compressed_dpeg_circular_temple

Skill      XL: |  1  2  3  4  5  6  7  8 |
---------------+-------------------------+-----
Conjurations   | 5 6 7 8 |  8.0
Spellcasting   | 3 5 |  5.0
Fighting       | 1 3 |  3.2
Stealth        | 5 |  5.6
Dodging        | |  1.5

Action                     |  1- 3 |  4- 6 |  7- 9 || total
---------------------------+-------+-------+-------++-------
  Melee: Short sword       |    14 |       |       ||    14
         Mace              |       |     4 |       ||     4
         Trident           |       |       |    12 ||    12
   Cast: Magic Dart        |    52 |    67 |   139 ||   258
Ability: Spit Poison       |    10 |    12 |    28 ||    50
    Use: Potion            |       |     1 |     2 ||     3
         Scroll            |       |       |     4 ||     4
 Armour: Robe              |     6 |     4 |    18 ||    28
         Ring mail         |       |       |     2 ||     2
  Dodge: Dodged            |    18 |    10 |    26 ||    54
  Block: Buckler           |       |       |     5 ||     5
